AoeStats
← twitch.tv/Hippo_Run

MegaRandom

503298591Analyzed
1v1 RM · 1mo ago on Aug 31, 2026· 56m 33s· 2 players
Game mode
Random Map
Map size
Tiny (2 player)
Population
200
Speed
Normal
Resources
Standard
Victory
Conquest
Starting age
Dark Age
Ending age
Imperial Age
RankedLock teamsTeams togetherTeam positionsShared explorationLock speedFull tech treeHidden civsTurbo modeCheats
Victory
Defeat
🇺🇸 Vikings · United States
1174
+14
🇨🇱 Byzantines · Chile
1138
-14
Heloz
9:17 Feudal Age
9:53 Loom
9:54 Double-Bit Axe
9:50 Horse Collar
13:48 Wheelbarrow
16:11 Fletching
18:53 Horse Collar
23:46 Castle Age
24:01 Scale Mail Armor
24:35 Pikeman
25:17 Squires
25:18 Bodkin Arrow
25:41 Chain Mail Armor
25:13 Gambesons
32:47 Bow Saw
32:42 Heavy Plow
35:31 Crossbowman
36:18 Thumb Ring
36:18 Husbandry
38:38 Gold Mining
38:40 Stone Mining
39:24 Ballistics
39:16 Bodkin Arrow
39:24 Padded Archer Armor
46:40 Imperial Age
45:51 Light Cavalry
47:08 Hussar
47:28 Arbalester
48:10 Bracer
48:24 Scale Barding Armor
48:30 Forging
51:16 Chain Barding Armor
52:12 Chemistry
twitch.tv/Hippo_Run
0:33 Loom
8:50 Feudal Age
10:59 Horse Collar
13:06 Scale Barding Armor
20:57 Castle Age
19:49 Forging
19:56 Double-Bit Axe
21:49 Fletching
22:21 Chain Barding Armor
25:16 Iron Casting
28:11 Fletching
28:22 Padded Archer Armor
28:27 Man-at-Arms
28:52 Gambesons
29:26 Town Watch
29:23 Long Swordsman
30:04 Squires
29:50 Arson
30:09 Scale Mail Armor
30:05 Bodkin Arrow
30:26 Leather Archer Armor
30:35 Bow Saw
31:39 Elite Skirmisher
34:36 Gold Mining
37:29 Imperial Age
35:45 Treadmill Crane
36:31 Fervor
36:39 Chain Mail Armor
37:35 Two-Handed Swordsman
40:13 Town Patrol
40:12 Murder Holes
41:45 Hoardings
42:30 Onager
44:52 Gold Shaft Mining
45:19 Blast Furnace
45:15 Heavy Plow
46:41 Chemistry
46:02 Ballistics
45:54 Masonry
46:35 Plate Mail Armor
46:06 Bracer
46:37 Ring Archer Armor
47:38 Conscription
47:20 Pikeman
47:22 Champion
50:15 Bogsveigar
54:06 Chieftains
53:28 Elite Berserk
54:32 Light Cavalry
Connection lost

Rejoining the realm…

Still unreachable

The connection could not be restored.

Session expired

The server has moved on; the page needs a fresh start.